 Dungeon Crawl Stone Soup version 0.29.1-1-gd02db6906a (webtiles) character file.

Game seed: 1547293262733618903

170 Earthwalker the Covered (level 5, -2/46 HPs)
             Began as a Minotaur Fighter on Oct 10, 2022.
             Slain by a gnoll
             ... wielding a +0 halberd
             ... led by a gnoll bouda
              (7 damage)
             ... on level 3 of the Dungeon.
             The game lasted 00:05:17 (1835 turns).

Earthwalker the Covered (Minotaur Fighter)          Turns: 1835, Time: 00:05:18

Health: -2/46      AC:  9    Str: 29    XL:     5   Next: 26%
Magic:  4/4        EV: 10    Int:  5    God:
Gold:   84         SH:  4    Dex:  9    Spells: 4/4 levels left

rFire   . . .      SeeInvis .   a - +1 trident
rCold   . . .      Faith    .   c - +0 buckler
rNeg    . . .      Spirit   .   b - +0 scale mail
rPois   .          Reflect  .   (helmet restricted)
rElec   .          Harm     .   m - +0 cloak
rCorr   .          Rampage  .   (no gloves)
Will    .....                   g - +0 pair of boots
Stlth   ..........              (no amulet)
HPRegen 0.15/turn               e - +6 ring of strength
MPRegen 0.09/turn               (no ring)

@: no status effects
A: horns 2, retaliatory headbutt
a: no special abilities


You were on level 3 of the Dungeon.
You visited 1 branch of the dungeon, and saw 3 of its levels.

You collected 84 gold pieces.

Inventory:

Hand Weapons
 a - a +1 trident (weapon)
Missiles
 f - 2 poisoned darts (quivered)
Armour
 b - a +0 scale mail (worn)
 c - a +0 buckler (worn)
 g - a +0 pair of boots (worn)
 m - a +0 cloak (worn)
Jewellery
 e - a +6 ring of strength (left hand)
 h - an amulet of magic regeneration
Scrolls
 i - a scroll of enchant weapon
 j - a scroll of immolation
 n - a scroll of butterflies
 o - a scroll of identify
Potions
 d - 3 potions of might
 k - 2 potions of lignification
 l - 2 potions of ambrosia {unknown}
 p - a potion of invisibility {unknown}


   Skills:
 * Level 4.1 Fighting
 * Level 3.7 Polearms
 * Level 1.0 Throwing
 * Level 4.7 Armour
 * Level 1.2 Dodging
 * Level 0.9 Stealth
 * Level 4.2 Shields
 * Level 0.8 Invocations
 * Level 0.3 Evocations


You had 4 spell levels left.
You didn't know any spells.
Your spell library contained the following spells:

 Spells                   Type           Power      Damage    Failure   Level
 Inner Flame              Hex/Fire       0%         N/A       99%         3
 Cause Fear               Hex            0%         N/A       100%        4
 Discord                  Hex            0%         N/A       100%        8


Dungeon Overview and Level Annotations

Branches:
Dungeon (3/15)

Altars:

Shops:
D:3 (


Innate Abilities, Weirdness & Mutations

You have a pair of horns on your head.
You reflexively headbutt those who attack you in melee.


Message History

You hit the gnoll. Your headbutt misses the gnoll.
The gnoll is lightly wounded.
The gnoll is no longer moving quickly.
The gnoll closely misses you. You furiously retaliate!
You headbutt the gnoll. You block the gnoll's attack.
The gnoll hits you with a +0 club.
You puncture the gnoll!
The gnoll is almost dead.
The gnoll closely misses you. x2
The gnoll hits you from afar with a +0 spear.
You barely miss the gnoll.
The gnoll is almost dead.
You block the gnoll's attack.
The gnoll hits you from afar with a +0 spear.
You hit the gnoll but do no damage.
The gnoll is almost dead.
The gnoll hits you with a +0 club.
* * * LOW HITPOINT WARNING * * *
The gnoll misses you.
You puncture the gnoll!
You kill the gnoll!
Your attacks no longer feel as feeble.
The gnoll closely misses you. The gnoll closely misses you.
The gnoll hits you but does no damage.
Items here: ( )) [ †.
You barely miss the gnoll. You headbutt the gnoll.
The gnoll is heavily wounded.
The gnoll hits you from afar with a +0 halberd.
* * * LOW HITPOINT WARNING * * *
The gnoll hits you but does no damage.
You hit the gnoll.
The gnoll is severely wounded.
The gnoll hits you from afar with a +0 halberd.
* * * LOW HITPOINT WARNING * * *
The gnoll barely misses you. You furiously retaliate!
You headbutt the gnoll. You hit the gnoll.
You kill the gnoll!
The gnoll hits you but does no damage. The gnoll closely misses you.
Your Throwing skill increases to level 1!
The gnoll hits you with a +0 halberd!
You die...

....<# ####. #.###.##∩
#..... ...........(..
...... ......#.#....
...#...#.....#.#.#.# #
#....#.#.....#.#.#.##..
...###.................
##.##......#...†)..####
##.###..........g.....#
...........##.##@######
#..###.#...##.##)#
#..###........##.#
#.......#.....####
#.......#.###.#
......###.# #.# #.....#
#.. ..# †.).#.# ... ##<
....#.# ##.# .


You could see a gnoll.

Vanquished Creatures
  A gnoll bouda (D:3)
  Crazy Yiuf (D:2)
  3 gnolls (D:3)
  An adder (D:3)
  A dart slug (D:2)
  2 worms
  An orc (D:3)
  3 endoplasms
  A giant cockroach (D:2)
  5 goblins
  6 hobgoblins
  10 jackals
  2 quokkas (D:3)
  9 ball pythons
  3 bats
  4 frilled lizards
  6 kobolds
  6 rats
65 creatures vanquished.

Notes
Turn   | Place    | Note
-------+----------+-------------------------------------------
     0 | D:1      | Earthwalker the Minotaur Fighter began the quest for the
                  | Orb.
     0 | D:1      | Reached XP level 1. HP: 19/19 MP: 0/0
   180 | D:1      | Found a faded altar of an unknown god.
   204 | D:1      | Reached XP level 2. HP: 22/27 MP: 1/1
  1064 | D:2      | Reached XP level 3. HP: 32/33 MP: 2/2
  1504 | D:2      | Found a runed translucent door.
  1505 | D:2      | Noticed Crazy Yiuf
  1511 | D:2      | Killed Crazy Yiuf
  1512 | D:2      | Reached skill level 1 in Dodging
  1512 | D:2      | Reached XP level 4. HP: 21/40 MP: 3/3
  1808 | D:3      | Found Utuyz's Weapon Boutique.
  1826 | D:3      | Reached XP level 5. HP: 20/46 MP: 4/4
  1835 | D:3      | Reached skill level 1 in Throwing
  1835 | D:3      | Slain by a gnoll

Illustrated notes

Levels and vault maps discovered:
D:1:      minmay_arrival_four_houses, layout_basic, basic_ecumenical_altar
D:2:      layout_rooms, dreamdust_princess_corridor, uniq_crazy_yiuf_cottage
D:3:      cheibrodos_helix_gallery, layout_basic, serial_shops, shop_statue

Skill      XL: |  1  2  3  4  5 |
---------------+----------------+-----
Armour         | 4 |  4.7
Shields        | 4 |  4.2
Fighting       | 4 |  4.1
Polearms       | 3 |  3.7
Dodging        | 1 |  1.2
Throwing       | 1 |  1.0
Stealth        | |  0.9
Invocations    | |  0.8
Evocations     | |  0.3

Action                   |  1- 3 |  4- 6 || total
-------------------------+-------+-------++-------
Melee: Trident           |   104 |    45 ||   149
       Headbutt          |    12 |     4 ||    16
  Use: Scroll            |     4 |     1 ||     5
Armor: Scale mail        |    66 |    16 ||    82
Dodge: Dodged            |    65 |    22 ||    87
Block: Buckler           |    26 |     4 ||    30
